 Dungeon Crawl Stone Soup version 0.29-a0-330-g52719c12eb (webtiles) character file.

Game seed: 11066962194506016213

91 lemonriz the Skirmisher (level 4, -16/37 HPs)
             Began as a Demonspawn Chaos Knight on May 23, 2022.
             Was a Plaything of Xom.
             Demolished by an ogre
             ... wielding a +0 giant club
              (23 damage)
             ... on level 4 of the Dungeon.
             The game lasted 00:06:02 (1307 turns).

lemonriz the Skirmisher (Demonspawn Chaos Knight)   Turns: 1307, Time: 00:06:02

Health: -16/37     AC:  5    Str: 12 (13) XL:     4   Next: 34%
Magic:  4/4        EV: 11    Int: 12 (15) God:    Xom [..*...]
Gold:   41         SH:  0    Dex: 12      Spells: 3/3 levels left

rFire   . . .      SeeInvis .     - Unarmed
rCold   . . .      Faith    .   h - orb {*channel}
rNeg    . . .      Spirit   .   a - +2 leather armour
rPois   .          Reflect  .   (no helmet)
rElec   .          Harm     .   (no cloak)
rCorr   .          Rampage  .   (no gloves)
Will    .....                   (no boots)
Stlth   +.........              (no amulet)
HPRegen 0.12/turn               (no ring)
MPRegen 0.09/turn               (no ring)

@: no status effects
A: powered by death 1, demonic magic 1
a: Renounce Religion


You were on level 4 of the Dungeon.
You worshipped Xom.
You were a toy of Xom.
You visited 1 branch of the dungeon, and saw 3 of its levels.

You collected 41 gold pieces.

Inventory:

Armour
 a - a +2 leather armour (worn)
 h - an orb of energy (worn)
Wands
 j - a wand of flame (14)
Scrolls
 d - a scroll of identify {unknown}
 e - a scroll of amnesia {unknown}
 g - a scroll of vulnerability {unknown}
Potions
 c - 3 potions of degeneration
Miscellaneous
 b - a piece from Xom's chessboard (15/15) (quivered)


   Skills:
 + Level 3.7 Fighting
 - Level 2.2 Armour
 + Level 1.9 Dodging
 * Level 3.5 Unarmed Combat


You had 3 spell levels left.
You didn't know any spells.
Your spell library was empty.

Dungeon Overview and Level Annotations

Branches:
Dungeon (2/15)

Altars:


Innate Abilities, Weirdness & Mutations

You regenerate a little health from kills.
Spells you cast may paralyse adjacent enemies.


Message History

A jelly comes into view.
The hobgoblin hits you but does no damage.
The jelly quivers.
You hit the hobgoblin.
The hobgoblin is heavily wounded.
The hobgoblin completely misses you.
You hit the hobgoblin.
The hobgoblin is almost dead.
The jelly hits you but does no damage. The hobgoblin closely misses you.
You closely miss the hobgoblin.
The hobgoblin is almost dead.
The jelly hits you.
You are splashed with acid.
The hobgoblin barely misses you.
You closely miss the hobgoblin.
The hobgoblin is almost dead.
The jelly hits you but does no damage. The hobgoblin completely misses you.
You barely miss the hobgoblin.
The hobgoblin is almost dead.
The jelly hits you but does no damage. The hobgoblin barely misses you.
You closely miss the hobgoblin.
The hobgoblin is almost dead.
The jelly closely misses you. The hobgoblin barely misses you.
You hit the hobgoblin.
You kill the hobgoblin!
The jelly hits you.
You are splashed with acid!
* * * LOW HITPOINT WARNING * * *
Items here: ( ) ††.
The jelly attacks as you move away! The jelly hits you but does no damage.
Xom titters.
The jelly looks rather confused.
An ogre comes into view. It is wielding a +0 giant club.
The ogre shouts!
Found a book of Necromancy.
The jelly jiggles.
Found a stone staircase leading up.
Xom makes a sudden noise!
You hear an angry buzzing noise.
The ogre hits you with a +0 giant club!!
Ouch! That really hurt!
You die...
Xom cackles wildly!

## ##.. .. # #. .#.##..
. #. #..<#..#
#.#.##..#..#
#.#.....:..# .......
#..........# .......
.##.........# ##..$....
#..#...@.....# #........
#......O....###........
###....................
##.....J...###...?....
#..........###........
#.#...................
#..#...........#.......
#..##.........####......
.......†§####..# #.....


You could see an ogre and a jelly (confused).

Vanquished Creatures
  A howler monkey (D:4)
  An adder (D:4)
  4 ball pythons
  2 bats (D:1)
  3 endoplasms (D:1)
  6 goblins
  7 hobgoblins
  3 jackals (D:4)
  3 quokkas (D:1)
  A frilled lizard (D:1)
  3 kobolds
  4 rats
38 creatures vanquished.

Notes
Turn   | Place    | Note
-------+----------+-------------------------------------------
     0 | D:1      | lemonriz the Demonspawn Chaos Knight began the quest for
                  | the Orb.
     0 | D:1      | Reached XP level 1. HP: 18/18 MP: 1/1
    30 | D:1      | Reached skill level 1 in Dodging
   173 | D:1      | Gained mutation: You regenerate a little health from kills.
                  | [demonic ancestry]
   173 | D:1      | Reached XP level 2. HP: 24/24 MP: 2/2
   226 | D:1      | XOM: smoke on damage
   474 | D:1      | XOM: divination: magic mapping
   562 | D:1      | Gained mutation: Spells you cast may paralyse adjacent
                  | enemies. [demonic ancestry]
   562 | D:1      | Reached XP level 3. HP: 29/29 MP: 3/3
   587 | D:1      | XOM: divination: magic mapping
  1219 | D:2      | You fall into a shaft and drop 2 floors!
  1219 | D:4      | XOM: stealth player
  1223 | D:4      | XOM: confuse monster(s)
  1243 | D:4      | XOM: silly message
  1279 | D:4      | Reached XP level 4. HP: 11/37 MP: 4/4
  1284 | D:4      | XOM: smoke on damage
  1300 | D:4      | XOM: confuse monster(s)
  1300 | D:4      | Noticed an ogre
  1305 | D:4      | XOM: noise
  1307 | D:4      | Demolished by an ogre

Illustrated notes

Levels and vault maps discovered:
D:1:      minmay_arrival_doors, layout_basic, minmay_misc_feat_enclosed,
          minmay_split_cup_large
D:2:      layout_basic, serial_co_window_serial, co_window_corner_a,
          co_window_paths_b, co_window_cross_1, co_window_corner_a,
          co_window_corner_a, co_window_cross_2, co_window_2corner,
          co_window_of_opportunity_b, co_window_paths_d, glass_columns_c,
          glass_columns_b, glass_columns_c, glass_columns_a,
          chequers_ecumenical_altar_island,
          hangedman_abyss_or_decor_lesser_grid, minmay_fountain_box,
          chequers_hall_statues_corner_a
D:4:      layout_rooms

Skill      XL: |  1  2 |
---------------+-------+-----
Dodging        | 1 |  1.9
Armour         | 2 |  2.2
Unarmed Combat | 3 |  3.5
Fighting       | |  3.7

Action                   |  1- 3 |  4- 6 || total
-------------------------+-------+-------++-------
Melee: Unarmed           |   152 |    12 ||   164
       Punch             |     1 |       ||     1
Evoke: Piece from Xom's  |     3 |       ||     3
       Wand              |     1 |       ||     1
  Use: Potion            |     1 |     2 ||     3
 Stab: Paralysed         |     8 |       ||     8
       Confused          |     1 |       ||     1
       Sleeping          |     1 |       ||     1
Armor: Leather armour    |    62 |     6 ||    68
Dodge: Dodged            |   116 |    11 ||   127

Table legend: (Time is in decaauts)
 A = Elapsed time spent in this place.
 B = Non-inter-level travel time spent in this place.
 C = Inter-level travel time spent in this place.
 D = Time resting spent in this place.
 E = Time spent auto-exploring this place.
 F = Levels seen in this place.
 G = Mean time per level.
                   A        B        C        D        E       F      G
               +--------+--------+--------+--------+--------+-----+--------+
         Total |   1296 |   1296 |      0 |      0 |    902 |   3 |  432.0 |
       Dungeon |   1296 |   1296 |      0 |      0 |    902 |   3 |  432.0 |
               +--------+--------+--------+--------+--------+-----+--------+

Top non-repeatable levels by time:
     D:1: 1077 daAuts
     D:2: 134 daAuts
     D:4: 85 daAuts
